 Dungeon Crawl Stone Soup version 0.20-a0-556-g892c87b (console) character file.

997 Goblin1989 the Basher (level 8, -6/58 HPs)
             Began as a Barachian Fighter on Jan 15, 2017.
             Was a Follower of Okawaru.
             Mangled by an ogre
             ... wielding a +0 giant club
              (21 damage)
             ... on level 5 of the Dungeon on Feb 4, 2017.
             The game lasted 00:17:58 (5003 turns).

Goblin1989 the Basher (Barachian Fighter)           Turns: 5003, Time: 00:17:59

Health: -6/58      AC: 11    Str: 16    XL:     8   Next: 19%
Magic:  6/8        EV: 10    Int:  6    God:    Okawaru [*.....]
Gold:   262        SH: 10    Dex: 11    Spells: 7/7 levels left

rFire    . . .     SeeInvis .   a - +0 flail
rCold    . . .     Gourm    .   b - +0 scale mail
rNeg     + . .     Faith    .   c - +0 shield
rPois    .         Spirit   .   (no helmet)
rElec    .         Reflect  .   y - +0 cloak
rCorr    .         Harm     .   t - +1 pair of gloves
MR       .....                  (no boots)
Stlth    +.........             (no amulet)
Regen    0.2/turn               r - ring of positive energy
                                k - ring of wizardry

@: heroism, slow
A: swims, slowness 1, strong legs 1
a: Hop, Heroism, Renounce Religion


You were on level 5 of the Dungeon.
You worshipped Okawaru.
Okawaru was aware of your devotion.
You were not hungry.

You visited 1 branch of the dungeon, and saw 5 of its levels.

You collected 262 gold pieces.

Inventory:

Hand Weapons
 a - a +0 flail (weapon)
 g - a +1 mace of protection
Armour
 b - a +0 scale mail (worn)
 c - a +0 shield (worn)
 t - a +1 pair of gloves (worn)
 y - a +0 cloak (worn)
Jewellery
 k - a ring of wizardry (left hand)
 r - a ring of positive energy (right hand)
 x - an uncursed ring of magical power {unknown}
Scrolls
 h - 5 scrolls of remove curse {unknown}
 i - 2 scrolls of fog {unknown}
 l - 2 scrolls of random uselessness {unknown}
 m - 2 scrolls of identify {unknown}
 o - a scroll of enchant weapon {unknown}
 p - a scroll of noise {unknown}
 s - a scroll of recharging {unknown}
Potions
 d - a potion of might
 e - a potion of haste {unknown}
 j - 2 potions of invisibility {unknown}
 n - a potion of agility {unknown}
 q - a potion of cure mutation {unknown}
 u - a potion of curing {unknown}
 w - a potion of cancellation {unknown}
 C - a potion of degeneration {unknown}
 D - a potion of magic {unknown}
Books
 A - a book of Flames

   Spells                             Type                      Level
   a - Flame Tongue                   Conjuration/Fire             1
   b - Throw Flame                    Conjuration/Fire             2
   c - Conjure Flame                  Conjuration/Fire             3
   d - Inner Flame                    Hexes/Fire                   3
   e - Sticky Flame                   Conjuration/Fire             4
   f - Fireball                       Conjuration/Fire             5
Comestibles
 f - 4 bread rations {@e1}
 v - 4 royal jellies
 z - a meat ration {@e2}
 B - 4 chunks of flesh


   Skills:
 - Level 3.2(8.2) Fighting
 + Level 9.4(14.4) Maces & Flails
 - Level 3.2(8.2) Armour
 - Level 3.0(8.0) Shields


You had 7 spell levels left.
You didn't know any spells.

Dungeon Overview and Level Annotations

Branches:
Dungeon (5/15)
 Temple: D:4-7

Altars:
Kikubaaqudgha
Makhleb
Okawaru
Trog
Xom


Innate Abilities, Weirdness & Mutations

You can swim through water.
You cover ground slowly.
You can hop short distances.


Message History

The jelly quivers.
You regained 3 hp, and now have 52/58 hp.
Unknown command.
The jelly hits you but does no damage.
You sock the jelly!
Your hands burn!
The jelly is heavily wounded.
The jelly hits you but does no damage.
You take 2 damage, and have 50/58 hp.
You sock the jelly!
You kill the jelly!
Okawaru accepts your kill.
No target in view!
No target in view!
No target in view!
No target in view!
No target in view!
No target in view!
No target in view!
No target in view!
No target in view!
No target in view!
No target in view!
No target in view!
No target in view!
No target in view!
No target in view!
No target in view!
No target in view!
No target in view!
No target in view!
No target in view!
No target in view!
No target in view!
Unknown command.
An ogre comes into view. It is wielding a giant club.
An ogre is nearby!
An ogre is nearby!
You hit the ogre.
The ogre is lightly wounded.
The ogre hits you with a giant club!!
* * * LOW HITPOINT WARNING * * *
You are too injured to fight recklessly!
You take 26 damage, and have 25/58 hp.
O_OOPS!!
MASSIVE DAMAGE!!
You are too injured to fight recklessly!
You are too injured to fight recklessly!
You are too injured to fight recklessly!
You are too injured to fight recklessly!
You are too injured to fight recklessly!
You are too injured to fight recklessly!
You are too injured to fight recklessly!
You are too injured to fight recklessly!
You are too injured to fight recklessly!
You are too injured to fight recklessly!
You are too injured to fight recklessly!
You are too injured to fight recklessly!
You are too injured to fight recklessly!
You are too injured to fight recklessly!
You are too injured to fight recklessly!
You are too injured to fight recklessly!
You are too injured to fight recklessly!
You are too injured to fight recklessly!
You are too injured to fight recklessly!
Unknown command.
You fail to use your ability.
The ogre completely misses you.
Unknown command.
You gain the combat prowess of a mighty hero.
The ogre closely misses you.
You now have 6/8 mp.
Unknown command.
You hit the ogre.
The ogre is lightly wounded.
Unknown command.
You hit the ogre.
The ogre is moderately wounded.
You block the ogre's attack.
Unknown command.
You hit the ogre but do no damage.
The ogre is moderately wounded.
The ogre hits you with a giant club.
* * * LOW HITPOINT WARNING * * *
You take 1 damage, and have 25/58 hp.
Unknown command.
You hit the ogre.
The ogre is moderately wounded.
Unknown command.
You barely miss the ogre.
The ogre is moderately wounded.
You block the ogre's attack.
Unknown command.
You sock the ogre!
The ogre is almost dead.
You completely miss the ogre.
The ogre is almost dead.
The ogre hits you with a giant club!
* * * LOW HITPOINT WARNING * * *
You take 10 damage, and have 15/58 hp.
You hit the ogre.
The ogre is almost dead.
The ogre hits you with a giant club!!
You die...

█.. █..<████████..
███..████.██ █.█
..........█ █.█
███..███..██████
... █.............
...█
██.██..█████████..█
█.██..█ █...
█.....█ █@███.█


█O█ █.█ █.. ... .......█ [....... █..████.██ █..█ ██ █..█ You could see an ogre.

Vanquished Creatures
  Eustachio (D:4)
  An orc warrior (D:4)
  A centaur (D:5)
  A phantom (D:4)
  2 scorpions (D:4)
  A howler monkey (D:4)
  A crimson imp (D:3)
  A jelly (D:5)
  A centaur zombie (D:4)
  2 hounds
  An orc wizard (D:4)
  A worker ant (D:4)
  A hound skeleton (D:4)
  4 gnolls
  8 adders
  2 oozes
  3 worms
  3 dart slugs (D:1)
  A leopard gecko (D:1)
  12 orcs (D:4)
  3 giant cockroaches
  8 goblins
  9 hobgoblins
  12 jackals
  9 kobolds
  2 quokkas (D:2)
  8 bats
  7 frilled lizards
  15 rats
121 creatures vanquished.

Notes
Turn   | Place    | Note
-------+----------+-------------------------------------------
     0 | D:1      | Goblin1989 the Barachian Fighter began the quest for the Orb.
     0 | D:1      | Reached XP level 1. HP: 18/18 MP: 1/1
     0 | D:1      | Upgraded the game from 0.20-a0-492-g6327889 to 0.20-a0-493-g19c8d8d
    15 | D:1      | Reached XP level 2. HP: 24/24 MP: 2/2
   131 | D:1      | Reached skill level 3 in Maces & Flails
   433 | D:1      | Upgraded the game from 0.20-a0-493-g19c8d8d to 0.20-a0-556-g892c87b
   449 | D:1      | Reached XP level 3. HP: 29/29 MP: 3/3
  1145 | D:2      | Reached skill level 4 in Maces & Flails
  1303 | D:2      | Reached XP level 4. HP: 27/35 MP: 4/4
  1381 | D:2      | Found a burning altar of Makhleb.
  1862 | D:2      | Reached skill level 5 in Maces & Flails
  1862 | D:2      | Reached XP level 5. HP: 31/41 MP: 5/5
  3030 | D:3      | Found an ancient bone altar of Kikubaaqudgha.
  3195 | D:3      | Reached skill level 6 in Maces & Flails
  3440 | D:3      | Found a burning altar of Makhleb.
  3440 | D:3      | Found a shimmering altar of Xom.
  3444 | D:3      | Reached XP level 6. HP: 47/47 MP: 6/6
  3540 | D:4      | Found an iron altar of Okawaru.
  3546 | D:4      | Became a worshipper of Warmaster Okawaru
  3586 | D:4      | Noticed Eustachio
  3613 | D:4      | Killed Eustachio
  3613 | D:4      | Reached skill level 7 in Maces & Flails
  3613 | D:4      | Reached XP level 7. HP: 31/52 MP: 7/7
  4187 | D:4      | Reached * piety under Okawaru
  4187 | D:4      | Reached skill level 8 in Maces & Flails
  4745 | D:4      | Reached skill level 9 in Maces & Flails
  4745 | D:4      | Reached XP level 8. HP: 58/58 MP: 5/8
  4785 | D:4      | Noticed a moth of wrath
  4788 | D:4      | Found a bloodstained altar of Trog.
  4902 | D:5      | Entered Level 5 of the Dungeon
  5003 | D:5      | Mangled by an ogre

Vault maps used:
D:1:      dpeg_arrival_refuge
D:2:      makhleb_blood_cavern_becter
D:3:      grunt_temple_overflow_champion_of_chaos, lemuel_crystal_altar,
          first_bread
D:4:      okawaru_gym_becter, tgw_trog, uniq_eustachio
D:5:      grunt_temple_overflow_open, minmay_misc_feat_diagonals

Skill      XL: |  1  2  3  4  5  6  7 |
---------------+----------------------+-----
Maces & Flails | 3 4 5 6 7 9 |  9.4
Fighting       | |  3.2
Armour         | |  3.2
Shields        | |  3.0

Action                   |  1- 3 |  4- 6 |  7- 9 || total
-------------------------+-------+-------+-------++-------
Melee: Flail             |   130 |   206 |   187 ||   523
Invok: Heroism           |       |       |     3 ||     3
 Abil: Hop               |       |     1 |       ||     1
  Use: Potion            |       |     1 |       ||     1
  Eat: Chunk             |     2 |     7 |     6 ||    15
Armor: Scale mail        |    70 |   102 |    64 ||   236
Dodge: Dodged            |    38 |    64 |    37 ||   139
Block: Shield            |    88 |   101 |    57 ||   246

Vault maps used:
D:1:      dpeg_arrival_refuge
D:2:      makhleb_blood_cavern_becter
D:3:      grunt_temple_overflow_champion_of_chaos, lemuel_crystal_altar,
          first_bread
D:4:      okawaru_gym_becter, tgw_trog, uniq_eustachio
D:5:      grunt_temple_overflow_open, minmay_misc_feat_diagonals
